 Dungeon Crawl Stone Soup version 0.28-a0-1286-g6bde065e89 (webtiles) character file.

Game seed: 16424070961766075305

4 browni3141 the Sneak (level 1, -1/12 HPs)
             Began as a Kobold Brigand on Dec 26, 2021.
             Slain by a goblin (2 damage)
             ... on level 1 of the Dungeon.
             The game lasted 00:00:22 (60 turns).

browni3141 the Sneak (Kobold Brigand)                 Turns: 60, Time: 00:00:23

Health: -1/12      AC:  3    Str:  8    XL:     1   Next: 77%
Magic:  1/1        EV: 14    Int: 12    God:
Gold:   2          SH:  0    Dex: 16    Spells: 0/0 levels left

rFire   . . .      SeeInvis .   a - +2 dagger
rCold   . . .      Faith    .   (shield restricted)
rNeg    . . .      Spirit   .   b - +0 robe
rPois   .          Reflect  .   (no helmet)
rElec   .          Harm     .   c - +0 cloak
rCorr   .          Rampage  .   (no gloves)
Will    .....                   (no boots)
Stlth   ++++......              (no amulet)
HPRegen 0.04/turn               (no ring)
MPRegen 0.07/turn               (no ring)

@: no status effects
A: small, no large weapons, nightstalker 3
a: no special abilities


You were on level 1 of the Dungeon.
You visited 1 branch of the dungeon, and saw 1 of its levels.

You collected 2 gold pieces.

Inventory:

Hand Weapons
 a - a +2 dagger (weapon)
Missiles
 d - 8 poisoned darts (quivered)
 e - 2 curare-tipped darts
Armour
 b - a +0 robe (worn)
 c - a +0 cloak (worn)


   Skills:
 - Level 2.1 Fighting
 - Level 2.6 Short Blades
 - Level 2.1 Throwing
 - Level 1.2 Dodging
 * Level 5.7 Stealth


You couldn't memorise any spells.
You didn't know any spells.
Your spell library was empty.

Dungeon Overview and Level Annotations

Branches:
Dungeon (1/15)

Altars:


Innate Abilities, Weirdness & Mutations

You are small and have problems with some larger weapons.
You are completely attuned to the shadows.


Message History

You hit the goblin.
The goblin is severely wounded.
You hit the goblin.
The goblin is severely wounded.
The goblin misses you.
You closely miss the goblin.
The goblin is severely wounded.
The goblin hits you with a +0 club.
A goblin comes into view. It is wielding a +2 dagger of speed.
The goblin closely misses you.
Found a stone staircase leading down.
The goblin shouts!
You hit the goblin.
You kill the goblin!
You hear a shout!
The goblin barely misses you.
Things that are here:
a +0 club; 15 bolts The goblin hits you with a +0 dagger.
* * * LOW HITPOINT WARNING * * *
The goblin hits you with a +2 dagger of speed.
* * * LOW HITPOINT WARNING * * *
Press: ? - help, v - describe, . - travel, g - get item
Here: a goblin, wielding a +2 dagger of speed
Items here: a +0 club; 15 bolts.
The floor.
A kobold comes into view. It is wielding a +0 dagger.
The goblin barely misses you.
There is an open door here.
You hit the goblin.
You kill the goblin!
You barely miss the goblin.
The goblin hits you with a +2 dagger of speed.
* * * LOW HITPOINT WARNING * * *
You barely miss the goblin. The goblin misses you.
You completely miss the goblin. The goblin closely misses you.
The goblin completely misses you.
You closely miss the goblin.
The goblin hits you with a +2 dagger of speed.
You die...

.......#
#......##.
#.....|#..
.........#
...........
#......#.##
.....K....
#####g###########
+8@8'........# .
#...#........#
..##'##....⌠...#
..............##
....<....######
#.......##
#########


You could see a goblin and a kobold.

Vanquished Creatures
  3 goblins (D:1)
  A ball python (D:1)
4 creatures vanquished.

Notes
Turn   | Place    | Note
-------+----------+-------------------------------------------
     0 | D:1      | browni3141 the Kobold Brigand began the quest for the Orb.
     0 | D:1      | Reached XP level 1. HP: 12/12 MP: 1/1
    60 | D:1      | Slain by a goblin

Illustrated notes

Levels and vault maps discovered:
D:1:      giann_wishing_wells, layout_rooms,
          hellmonk_ecumenical_altar_prayer_group, serial_shops,
          nicolae_shop_stone, nicolae_shop_hallway_plus,
          nicolae_shop_window_shopping, shop, dk_noncrumbling_4

Action                   || total
-------------------------++-------
Melee: Dagger            ||    15
Armor: Robe              ||     3
Dodge: Dodged            ||     9

Table legend: (Time is in decaauts)
 A = Elapsed time spent in this place.
 B = Non-inter-level travel time spent in this place.
 C = Inter-level travel time spent in this place.
 D = Time resting spent in this place.
 E = Time spent auto-exploring this place.
 F = Levels seen in this place.
 G = Mean time per level.
                   A        B        C        D        E       F      G
               +--------+--------+--------+--------+--------+-----+--------+
         Total |     58 |     58 |      0 |      0 |     25 |   1 |   58.0 |
       Dungeon |     58 |     58 |      0 |      0 |     25 |   1 |   58.0 |
               +--------+--------+--------+--------+--------+-----+--------+

Top non-repeatable levels by time:
     D:1: 58 daAuts
